 Dungeon Sprint DCSS version 0.30-a0-4-ga7cffc901d (webtiles) character file.

Game seed: 5762869280092022030

4901 mhtbhm the Imperceptible (level 10, 0/56 HPs)
             Began as a Spriggan Brigand on Aug 21, 2022.
             Was the Champion of Dithmenos.
             Succumbed to their own poison gas
             ... in the Dungeon (Sprint III: "The Ten Rune Challenge").
             The game lasted 00:05:35 (1382 turns).

mhtbhm the Imperceptible (Spriggan Brigand)         Turns: 1382, Time: 00:05:35

Health: 0/56       AC:  3    Str:  7    XL:     10   Next: 27%
Magic:  18/18      EV: 37    Int: 14    God:    Dithmenos [******]
Gold:   34         SH:  0    Dex: 20    Spells: 9/9 levels left

rFire   + . .      SeeInvis +    a - +2 dagger
rCold   . . .      Faith    .    (no shield)
rNeg    . . .      Spirit   .    b - +0 robe
rPois   .          Reflect  .    (helmet restricted)
rElec   .          Harm     .    c - +0 cloak
rCorr   .          Rampage  .    (gloves unavailable)
Will    +....      NoTele   +    (boots unavailable) Stlth *******+++
                                 l - amulet of the acrobat
HPRegen 0.18/turn                (no ring)
MPRegen 0.16/turn                (no ring)

@: lethally poisoned (0 -> -5), acrobatic, wreathed by umbra, very quick
A: very small, no large weapons, unfitting armour, see invisible, speed 3, fire
resistance 1, robust 1
a: Renounce Religion, Shadow Step, Shadow Form


You were in the Dungeon.
You worshipped Dithmenos.
Dithmenos was exalted by your worship.
You visited 1 branch You collected 34 gold pieces.

Inventory:

Hand Weapons
 a - a +2 dagger (weapon)
Armour
 b - a +0 robe (worn)
 c - a +0 cloak (worn)
Jewellery
 l - an amulet of the acrobat (around neck)
Scrolls
 n - 2 scrolls of identify
Potions
 h - a potion of haste
 i - 2 potions of magic
 o - 4 potions of flight
 p - 2 potions of mutation
 q - a potion of berserk rage
 r - a potion of might
Miscellaneous
 s - a phantom mirror (inert)


   Skills:
 + Level 5.1 Fighting
 + Level 8.1 Short Blades
 + Level 9.1 Throwing
 + Level 6.6 Dodging
 + Level 26.0 Stealth
 * Level 9.8 Invocations
 + Level 4.2 Evocations


You had 9 spell levels left.
You didn't know any spells.
Your spell library contained the following spells:

 Spells                   Type           Power      Damage    Failure   Level
 Blink                    Tloc           0%         N/A       41%         2
 Summon Lightning Spire   Summ/Air       0%         N/A       96%         4
 Manifold Assault         Tloc           0%         N/A       100%        5
 Storm Form               Tmut/Air       0%         N/A       100%        7
 Maxwell's Capacitive Co  Air            0%         ∞         100%        8


Dungeon Overview and Level Annotations

Branches:
Dungeon (1/1)

Altars:
Cheibriados
Dithmenos
Elyvilon
Fedhas
Gozag
Hepliaklqana
Kikubaaqudgha
Makhleb
Nemelex Xobeh
Okawaru
Qazlal
Ru
Sif Muna
Trog
Uskayaw
Vehumet
Wu Jian
Xom
Yredelemnul
Zin
The Shining One
Jiyva
Lugonu

Shops:
D (


Innate Abilities, Weirdness & Mutations

You are very small and have problems with some larger weapons.
You are too small for most types of armour.
You have supernaturally acute eyesight. (SInv)
You cover ground extremely quickly. (Speed+++)
Your flesh is heat resistant. (rF+)
You are robust. (+10% HP)


Message History

Unknown command.
An orc warrior is nearby!
An orc warrior is nearby!
Your orc high priest is engulfed in poison gas.
Your orc high priest looks even sicker.
You kill your orc high priest!
Your orc high priest's corpse shimmers and vanishes!
Unknown command.
Unknown command.
Unknown command.
Unknown command.
Unknown command.
Unknown command.
The orc warrior completely misses you.
There is an open door here.
The orc warrior completely misses you.
Unknown command.
Really walk into that cloud of poison gas?
You are engulfed in poison gas.
You are lethally poisoned!
* * * LOW HITPOINT WARNING * * *
x2 You feel very sick.
Unknown command.
* * * LOW HITPOINT WARNING * * *
You feel sick.
Okay, then.
* * * LOW HITPOINT WARNING * * *
You feel sick.
* * * LOW HITPOINT WARNING * * *
You feel sick.
* * * LOW HITPOINT WARNING * * *
You feel sick.
There is an open door to the Ecumenical Temple here.
* * * LOW HITPOINT WARNING * * *
You feel sick.
* * * LOW HITPOINT WARNING * * *
You feel sick.
* * * LOW HITPOINT WARNING * * *
You feel sick.
You die...

▓...#......#####..#___#___#__#∩
▓..##.......#..#..#)..#__)#._#$
▓##.##.##†..#..#..###'#'###'##o
##.##.###..##'#..#..........#o
▓#.####.##..###...'.⌠...oo.).#o
▓.###..##..####...#...######'#o
▓#.....##..###....#.⌠.#__#...#(
###..##†..##.....#...#__#.oo#.
##..##....#..@...#'###__#...#(
#..###..##.#.....#.))#__#..)(.
#..# #..#####....#___#__'..)#.
▓▓▓▓ ▓▓▓▓ ▓▓▓▓▓▓▓▓▓▓▓▓▓▓▓▓▓▓


There were no monsters in sight!

Vanquished Creatures
  Snorg (D)
  A centaur warrior (D)
  An orc high priest (D)
  A deep elf pyromancer (D)
  An orc knight (D)
  2 unseen horrors (D)
  A shadow (D)
  A spatial vortex (D)
  2 centaurs (D)
  An earth elemental (D)
  A necrophage (D)
  A water elemental (D)
  A scorpion (D)
  A jelly (D)
  An orc priest (D)
  A wizard (D)
  A necromancer (D)
  An orc wizard (D)
  3 humans (D)
  A kobold demonologist (D)
  6 orcs (D)
  4 rats (D)
  A ballistomycete spore (D)
35 creatures vanquished.

Vanquished Creatures (collateral kills)
  An orc high priest (D)
  An orc priest (D)
  2 orcs (D)
4 creatures vanquished.

Vanquished Creatures (others)
  2 plants (D)
2 creatures vanquished.

Grand Total: 41 creatures vanquished

Notes
Turn   | Place    | Note
-------+----------+-------------------------------------------
     0 | D        | mhtbhm the Spriggan Brigand began the quest for the Orb.
     0 | D        | Reached XP level 1. HP: 10/10 MP: 2/2
    10 | D        | Reached skill level 6 in Stealth
    52 | D        | Reached skill level 7 in Stealth
    56 | D        | Noticed a scorpion
    76 | D        | Killed a scorpion
    77 | D        | Reached skill level 11 in Stealth
    77 | D        | Reached XP level 2. HP: 9/15 MP: 3/3
    77 | D        | Reached XP level 3. HP: 11/18 MP: 4/4
   188 | D        | Reached skill level 12 in Stealth
   188 | D        | Reached XP level 4. HP: 22/23 MP: 5/5
   203 | D        | Gained mutation: You have a pair of small horns on your
                  | head. [potion of mutation]
   203 | D        | Gained mutation: You have sharp toenails. [potion of
                  | mutation]
   203 | D        | Gained mutation: You do not regenerate when monsters are
                  | visible. [potion of mutation]
   204 | D        | Lost mutation: You do not regenerate when monsters are
                  | visible. [potion of mutation]
   204 | D        | Lost mutation: You have a pair of small horns on your head.
                  | [potion of mutation]
   204 | D        | Lost mutation: You have sharp toenails. [potion of
                  | mutation]
   204 | D        | Gained mutation: Your flesh is heat resistant. (rF+)
                  | [potion of mutation]
   204 | D        | Gained mutation: You are robust. (+10% HP) [potion of
                  | mutation]
   225 | D        | Noticed a water elemental
   239 | D        | Killed a water elemental
   240 | D        | Reached skill level 13 in Stealth
   348 | D        | Found a shadowy altar of Dithmenos.
   348 | D        | Noticed a necrophage
   349 | D        | Found a basalt altar of Yredelemnul.
   349 | D        | Found a sacrificial altar of Ru.
   351 | D        | Reached skill level 14 in Stealth
   351 | D        | Reached XP level 5. HP: 29/29 MP: 6/6
   352 | D        | Reached skill level 15 in Stealth
   355 | D        | Became a worshipper of Dithmenos the Shadowed
   368 | D        | Found a glowing silver altar of Zin.
   369 | D        | Found a glowing golden altar of the Shining One.
   369 | D        | Found a white marble altar of Elyvilon.
   369 | D        | Noticed a deep elf pyromancer
   371 | D        | Killed a deep elf pyromancer
   372 | D        | Reached skill level 5 in Short Blades
   372 | D        | Reached skill level 5 in Throwing
   372 | D        | Reached skill level 19 in Stealth
   372 | D        | Reached XP level 6. HP: 35/35 MP: 6/10
   372 | D        | Reached XP level 7. HP: 39/39 MP: 6/11
   421 | D        | Found a radiant altar of Vehumet.
   422 | D        | Found a shimmering blue altar of Sif Muna.
   422 | D        | Found an ancient bone altar of Kikubaaqudgha.
   432 | D        | Noticed an ice devil
   434 | D        | Reached * piety under Dithmenos
   686 | D        | Found a hide-covered altar of Uskayaw.
   686 | D        | Found an iron altar of Okawaru.
   687 | D        | Found a bloodstained altar of Trog.
   687 | D        | Found an ornate altar of the Wu Jian Council.
   687 | D        | Noticed a human
   687 | D        | Noticed a human
   689 | D        | Killed a human
   690 | D        | Reached skill level 20 in Stealth
   690 | D        | Reached skill level 5 in Invocations
   690 | D        | Killed a human
   707 | D        | Noticed a shadow
   709 | D        | Killed a shadow
   709 | D        | Reached ** piety under Dithmenos
   710 | D        | Reached skill level 21 in Stealth
   710 | D        | Reached XP level 8. HP: 46/46 MP: 13/13
   716 | D        | Found a blossoming altar of Fedhas.
   716 | D        | Found a stormy altar of Qazlal.
   716 | D        | Found a snail-covered altar of Cheibriados.
   716 | D        | Found a burning altar of Makhleb.
   716 | D        | Found a shimmering altar of Xom.
   717 | D        | Found a hazy altar of Hepliaklqana.
   717 | D        | Found an opulent altar of Gozag.
   717 | D        | Found a sparkling altar of Nemelex Xobeh.
   717 | D        | Found a corrupted altar of Lugonu.
   717 | D        | Found a viscous altar of Jiyva.
   737 | D        | Noticed Snorg
   770 | D        | Killed Snorg
   771 | D        | Reached skill level 23 in Stealth
   824 | D        | Reached *** piety under Dithmenos
   825 | D        | Reached XP level 9. HP: 49/49 MP: 15/15
   875 | D        | Noticed a centaur warrior
   887 | D        | Killed a centaur warrior
   888 | D        | Reached skill level 5 in Dodging
   888 | D        | Reached skill level 24 in Stealth
   888 | D        | Reached skill level 1 in Evocations
  1152 | D        | Noticed an unseen horror
  1153 | D        | Killed an unseen horror
  1153 | D        | Reached **** piety under Dithmenos
  1156 | D        | Noticed an unseen horror
  1159 | D        | Killed an unseen horror
  1160 | D        | Reached skill level 25 in Stealth
  1165 | D        | Noticed a wandering mushroom
  1288 | D        | Found Suirrazxoff's Weapon Shoppe.
  1289 | D        | Noticed an orc high priest
  1290 | D        | Noticed an orc knight
  1291 | D        | Noticed an orc high priest
  1294 | D        | Reached ***** piety under Dithmenos
  1300 | D        | Killed an orc high priest
  1301 | D        | Reached XP level 10. HP: 25/56 MP: 17/17
  1324 | D        | Killed an orc knight
  1325 | D        | Reached skill level 5 in Fighting
  1339 | D        | Reached ****** piety under Dithmenos
  1354 | D        | HP: 2/56 [orc warrior/+0 halberd (10)]
  1360 | D        | Killed an orc high priest
  1361 | D        | Reached skill level 26 in Stealth
  1380 | D        | HP: 2/56 [poisoned by you (poison gas)]
  1382 | D        | Succumbed to their own poison gas

Illustrated notes

Levels and vault maps discovered:
D:        dungeon_sprint_mu [sprint_mu_entry_cave, sprint_mu_temple_rooms,
          sprint_mu_d1_horrors, sprint_mu_d2_genie, sprint_mu_d3_branching,
          sprint_mu_orc_legion, sprint_mu_elf_gauntlet, sprint_mu_hive_nellie,
          sprint_mu_lair_fedhas, sprint_mu_vaults_butterflies,
          sprint_mu_slime_circle, sprint_mu_swamp_cave, sprint_mu_snake_twists,
          sprint_mu_blade_basic, sprint_mu_crypt_chambers,
          sprint_mu_tomb_spiral, sprint_mu_vestibule_basic,
          sprint_mu_gehenna_hellfire, sprint_mu_dis_giant,
          sprint_mu_tartarus_statrot, sprint_mu_cocytus_islands, sprint_mu_zot1]

Skill      XL: |  1  2  3  4  5  6  7  8  9 10 |
---------------+-------------------------------+-----
Stealth        | 11 12 14 19 21 23 25 26 | 26.0
Fighting       | 2 3 4 5 |  5.1
Short Blades   | 3 4 5 6 7 8 |  8.1
Throwing       | 3 4 5 6 7 8 9 |  9.1
Dodging        | 3 4 6 |  6.6
Invocations    | 4 5 7 9 |  9.8
Evocations     | 2 4 |  4.2

Action                   |  1- 3 |  4- 6 |  7- 9 | 10-12 || total
-------------------------+-------+-------+-------+-------++-------
Melee: Dagger            |     7 |    13 |    31 |    13 ||    64
       Punch             |       |       |       |     1 ||     1
Throw: Dart              |     4 |       |    16 |    11 ||    31
Evoke: Phantom mirror    |       |       |     3 |     2 ||     5
       Wand              |       |       |     8 |     1 ||     9
  Use: Potion            |       |     3 |     1 |     3 ||     7
       Scroll            |       |       |     1 |     3 ||     4
 Stab: Sleeping          |     4 |     3 |    11 |       ||    18
Armor: Robe              |       |       |     5 |       ||     5
Dodge: Dodged            |     3 |     6 |    56 |     7 ||    72

Table legend: (Time is in decaauts)
 A = Elapsed time spent in this place.
 B = Non-inter-level travel time spent in this place.
 C = Inter-level travel time spent in this place.
 D = Time resting spent in this place.
 E = Time spent auto-exploring this place.
 F = Levels seen in this place.
 G = Mean time per level.
                   A        B        C        D        E       F      G
               +--------+--------+--------+--------+--------+-----+--------+
         Total |   1220 |   1220 |      0 |    841 |     18 |   1 | 1220.0 |
       Dungeon |   1220 |   1220 |      0 |    841 |     18 |   1 | 1220.0 |
               +--------+--------+--------+--------+--------+-----+--------+

Top non-repeatable levels by time:
       D: 1220 daAuts
